 Dungeon Crawl Stone Soup version 0.29.1-1-gd02db6906a (webtiles) character file.

Game seed: 17462258363756145937

39 RatsInWalls the Cudgeller (level 3, 30/35 HPs)
             Began as a Troll Gladiator on Oct 21, 2022.
             Quit the game on level 2 of the Dungeon.
             The game lasted 00:01:17 (753 turns).

RatsInWalls the Cudgeller (Troll Gladiator)          Turns: 753, Time: 00:01:17

Health: 30/35      AC:  4    Str: 24    XL:     3   Next: 28%
Magic:  2/2        EV: 10    Int:  4    God:
Gold:   63         SH:  0    Dex: 11    Spells: 2/2 levels left

rFire   . . .      SeeInvis +   a - +0 flail
rCold   . . .      Faith    .   (no shield)
rNeg    . . .      Spirit   .   b - +0 robe
rPois   .          Reflect  .   c - +0 hat
rElec   .          Harm     .   (no cloak)
rCorr   .          Rampage  .   (gloves unavailable)
Will    .....                   (boots unavailable)
Stlth   +.........              (no amulet)
HPRegen 0.91/turn               k - ring of see invisible
MPRegen 0.08/turn               (no ring)

@: no status effects
A: large, unfitting armour, claws 3, regeneration 1, shaggy fur 1, tough skin 1
a: no special abilities


You were on level 2 of the Dungeon.
You visited 1 branch of the dungeon, and saw 2 of its levels.

You collected 63 gold pieces.

Inventory:

Hand Weapons
 a - a +0 flail (weapon)
Missiles
 d - 3 throwing nets (quivered)
 e - a large rock
 f - 18 stones
Armour
 b - a +0 robe (worn)
 c - a +0 hat (worn)
Jewellery
 k - a ring of see invisible (left claw)
Scrolls
 i - a scroll of blinking {unknown}
 j - a scroll of identify {unknown}
Potions
 g - a potion of cancellation {unknown}
 h - a potion of lignification {unknown}
 l - a potion of mutation {unknown}


   Skills:
 + Level 2.1 Fighting
 * Level 3.6 Maces & Flails
 - Level 1.7 Throwing
 - Level 2.4 Dodging


You had 2 spell levels left.
You didn't know any spells.
Your spell library was empty.

Dungeon Overview and Level Annotations

Branches:
Dungeon (2/15)

Altars:


Innate Abilities, Weirdness & Mutations

You are too large for most types of armour.
You have claws for hands.
Your natural rate of healing is unusually fast.
You are covered in fur. (AC +1)
You have tough skin. (AC +1)


Message History

Found an escape hatch in the ceiling.
You closely miss the goblin. The goblin hits you but does no damage.
You sock the goblin!
You kill the goblin!
No target in view!
No target in view!
You now have 63 gold pieces (gained 8).
A kobold comes into view. It is wielding a +0 short sword.
Found a stone staircase leading down.
A kobold is nearby!
There is a stone staircase leading down here.
A worm comes into view.
The kobold shouts!
The kobold throws a stone.
The stone hits you but does no damage.
The kobold hits you with a +0 short sword.
You barely miss the kobold. The kobold barely misses you.
You closely miss the kobold. The kobold completely misses you.
You hit the kobold.
You kill the kobold!
No target in view!
No target in view!
No target in view!
Things that are here:
a +0 short sword; a stone; a kobold corpse A worm is nearby!
Found a scroll labelled GYMNUSHR ZIMUODOG.
You hit the worm but do no damage. You hit the worm.
The worm is moderately wounded.
The worm bites you!
You hit the worm.
The worm is moderately wounded.
The worm bites you but does no damage.
You thump the worm!
The worm is almost dead.
The worm barely misses you.
You hit the worm.
You kill the worm!
No target in view!
Are you sure you want to abandon this character and quit the game? (Confirm with "yes".)

#.......?.. #
#..........# ..##
#..........# ##
...##..........#
.?###..#..........#
...#..#..$.......#
#...............#
#.....@........#
#.(............#
#.....>..).....#
#..#.#.######### #.
#.#+###### #
##........#
#.........#
##.#.......#
###..#.†.....#


There were no monsters in sight!

Vanquished Creatures
  2 worms (D:2)
  3 ball pythons
  An endoplasm (D:1)
  4 giant cockroaches (D:1)
  2 goblins
  2 hobgoblins (D:1)
  3 jackals (D:1)
  6 kobolds
  A quokka (D:1)
  A bat (D:1)
  2 frilled lizards (D:1)
  2 rats (D:1)
29 creatures vanquished.

Notes
Turn   | Place    | Note
-------+----------+-------------------------------------------
     0 | D:1      | RatsInWalls the Troll Gladiator began the quest for the
                  | Orb.
     0 | D:1      | Reached XP level 1. HP: 19/19 MP: 0/0
    77 | D:1      | Reached skill level 3 in Maces & Flails
    90 | D:1      | Reached XP level 2. HP: 28/28 MP: 1/1
   626 | D:1      | Reached XP level 3. HP: 34/35 MP: 2/2
   753 | D:2      | Quit the game

Illustrated notes

Levels and vault maps discovered:
D:1:      zaba_arrival_water, layout_basic, moated_statue
D:2:      layout_basic, chequers_avenue, glass_columns_a,
          minmay_randomly_rotated_circles

Skill      XL: |  1  2 |
---------------+-------+-----
Maces & Flails | 3 |  3.6
Fighting       | 2 |  2.1
Throwing       | |  1.7
Dodging        | |  2.4

Action                   || total
-------------------------++-------
Melee: Flail             ||    84
       Punch             ||     1
 Stab: Sleeping          ||     1
Armor: Robe              ||    26
Dodge: Dodged            ||    47
